 Dungeon Crawl Stone Soup version 0.32-a0-779-g362cfca (webtiles) character file.

Game seed: 3903786510137738995

241813 sdynet the Warrior (level 18, -2/135 (158) HPs)
             Began as a Mountain Dwarf Reaver on Mar 8, 2024.
             Was a High Priest of Hepliaklqana.
             Killed from afar by a shadow dragon (54 damage)
             ... with a bolt of negative energy
             ... on level 1 of the Vaults on Mar 19, 2024.
             The game lasted 03:11:29 (36225 turns).

sdynet the Warrior (Mountain Dwarf Reaver)         Turns: 36225, Time: 03:11:29

HP:   -2/135 (158)  AC: 31    Str: 19    XL:     18   Next: 66%
MP:   31/31         EV:  9    Int: 26    God:    Hepliaklqana [*****.]
Gold: 411           SH:  0    Dex: 14    Spells: 1/35 levels left

rFire   + . .        a - +4 trident (drain)
rCold   . . .        (no shield)
rNeg    . . .        e - +4 chain mail of Experimentation {Int+4}
rPois   .            A - +2 helmet of the Valley {Will+}
rElec   .            T - +2 cloak {Will+}
rCorr   .            v - +1 pair of gloves
SInv    .            m - +2 pair of boots {Fly}
Will    ++++.        d - amulet of magic regeneration Stlth
                     n - +6 ring of intelligence
HPRegen 0.42/turn    E - ring of protection from fire
MPRegen 0.62/turn

%: no passive effects
@: mighty, silenced, flayed, enlightened, flying, studying Ice Magic, heavily
drained
A: reduced essence, runic magic, artefact enchanting, iridescent scales 1, thin
skeletal structure 1, agile 1
}: 2/15 runes: barnacled, gossamer
a: Renounce Religion


You were on level 1 of the Vaults.
You worshipped Hepliaklqana.
Hepliaklqana was extremely pleased with you.
You visited 7 branches of the dungeon, and saw 32 of its levels.
You also visited: Sewer and Ice Cave.

You collected 3706 gold pieces.
You spent 3295 gold pieces at shops.

Inventory:

Hand Weapons
 a - a +4 trident of draining (weapon)
 L - a +1 bardiche of holy wrath
Missiles
 s - 9 javelins
 P - 3 throwing nets
 V - 5 silver javelins
 Z - 49 poisoned darts
Armour
 b - a +1 scale mail of fire resistance
 e - the +4 chain mail of Experimentation (worn) {Int+4}
   (You found it on level 3 of the Shoals)

   Int+4:     It affects your intelligence (+4).
 m - a +2 pair of boots of flying (worn)
 t - +0 swamp dragon scales
 v - a +1 pair of gloves (worn)
 A - the +2 helmet of the Valley (worn) {Will+}
   (You bought it in a shop on level 7 of the Dungeon)

   Will+:     It increases your willpower.
 H - the +2 robe of Action {Fly rElec}
   (You found it on level 4 of the Lair of Beasts)

   rElec:     It insulates you from electricity.
   Fly:       It grants you flight.
 T - a +2 cloak of willpower (worn)
Magical Staves
 r - a staff of air
Jewellery
 d - an amulet of magic regeneration (around neck)
 f - a ring of poison resistance
 n - a +6 ring of intelligence (left hand)
 o - a ring of resist corrosion
 E - a ring of protection from fire (right hand)
Wands
 q - a wand of warping (6)
 D - a wand of flame (3)
 F - a wand of digging (7)
Scrolls
 c - 3 scrolls of identify
 g - 5 scrolls of revelation {!r}
 h - 2 scrolls of blinking
 k - a scroll of poison
 l - 14 scrolls of teleportation {!r}
 y - 2 scrolls of fear {!r}
 I - 2 scrolls of vulnerability
 M - 5 scrolls of fog {!r}
 Q - 2 scrolls of immolation
Potions
 i - a potion of brilliance {!q}
 j - 5 potions of attraction
 u - a potion of haste {!q}
 x - 5 potions of curing {!q}
 z - 4 potions of might {!q}
 C - a potion of heal wounds {!q}
 G - 2 potions of magic {!q}
 O - 9 potions of ambrosia {!q}
 S - 4 potions of enlightenment {!q!q}
 W - a potion of cancellation {!q}
Miscellaneous
 J - a sack of spiders (inert)
 U - a phial of floods
 X - a condenser vane
 Y - a phantom mirror (inert)


   Skills:
 + Level 19.3 Fighting
 - Level 14.0 Polearms
 + Level 11.7 Armour
 - Level 4.0 Dodging
 - Level 3.0 Stealth
 - Level 9.0 Spellcasting
 - Level 6.0 Conjurations
 - Level 4.0 Summonings
 - Level 18.0 Necromancy
 - Level 1.0 Translocations
 - Level 6.0 Ice Magic
 - Level 9.0 Earth Magic
 - Level 4.0 Alchemy
 - Level 9.0 Invocations


You had one spell level left.
You knew the following spells:

 Your Spells              Type           Power      Damage    Failure   Level
a - Stone Arrow           Conj/Erth      100%       3d13      1%          3
b - Animate Dead          Necr           81%        N/A       1%          4
c - Borgnjor's Vile Clut  Necr/Erth      34%        N/A       1%          5
e - Hailstorm             Conj/Ice       42%        3d9       1%          3
f - Kiss of Death         Conj/Necr      100%       2d13      1%          1
g - Frozen Ramparts       Ice            84%        1d13      1%          3
h - Leda's Liquefaction   Alch/Erth      22%        N/A       5%          4
i - Martyr's Knell        Necr/Summ      62%        N/A       1%          4
j - Death Channel         Necr           40%        N/A       1%          6
A - Apportation           Tloc           32%        N/A       4%          1

Your spell library contained the following spells:

 Spells                   Type           Power      Damage    Failure   Level
 Freeze                   Ice            100%       1d10      1%          1
 Sandblast                Erth           100%       2d20      1%          1
 Sting                    Conj/Alch      100%       1d9       1%          1
 Summon Small Mammal      Summ           100%       N/A       1%          1
 Sublimation of Blood     Necr           81%        N/A       0%          2
 Fugue of the Fallen      Necr           81%        N/A       0%          3
 Cigotuvi's Dreadful Rot  Necr/Alch/Air  98%        N/A       1%          2
 Ozocubu's Armour         Ice            42%        N/A       1%          3
 Passwall                 Erth           55%        N/A       1%          3
 Anguish                  Hex/Necr       27%        N/A       1%          4
 Dispel Undead            Necr           81%        3d26      1%          4
 Momentum Strike          Conj/Tloc      58%        3d9       2%          2
 Brom's Barrelling Bould  Conj/Erth      50%        2d7       3%          4
 Petrify                  Alch/Erth      45%        N/A       5%          4
 Jinxbite                 Hex            22%        N/A       12%         2
 Gell's Gravitas          Tloc           16%        N/A       16%         3
 Teleport Other           Tloc           16%        N/A       16%         3
 Iskenderun's Mystic Bla  Conj/Tloc      29%        2d7       19%         4
 Sigil of Binding         Hex            11%        N/A       22%         3
 Tukima's Dance           Hex            11%        N/A       22%         3
 Irradiate                Conj/Alch      18%        3d17      26%         5
 Ignite Poison            Fire/Alch      22%        N/A       32%         4
 Alistair's Intoxication  Alch           21%        N/A       38%         5
 Freezing Cloud           Conj/Ice/Air   16%        6-21      38%         5
 Manifold Assault         Tloc           16%        N/A       45%         4
 Dimensional Bullseye     Hex/Tloc       7%         N/A       52%         4
 Metabolic Englaciation   Hex/Ice        13%        N/A       52%         5
 Haunt                    Necr/Summ      31%        N/A       56%         7
 Cause Fear               Hex            5%         N/A       58%         4
 Sculpt Simulacrum        Ice/Alch       18%        N/A       83%         6
 Dispersal                Tloc           8%         N/A       100%        6
 Plasma Beam              Fire/Air       5%         2x1d16    100%        6
 Enfeeble                 Hex            5%         N/A       100%        7
 Disjunction              Tloc           8%         N/A       100%        8
 Fire Storm               Conj/Fire      13%        8d4       100%        9


Dungeon Overview and Level Annotations

Branches:
Dungeon (15/15)            Temple (1/1) D:6            Lair (5/5) D:9
 Shoals (4/4) Lair:2       Spider (4/4) Lair:3        Slime (0/5) Lair:5
    Orc (2/2) D:10            Elf (0/3) Orc:2        Vaults (1/5) D:14
 Depths (0/4) D:15          Sewer (visited)           IceCv (visited)

Altars:
Ashenzari
Cheibriados
Dithmenos
Elyvilon
Fedhas
Gozag
Hepliaklqana
Kikubaaqudgha
Makhleb
Nemelex Xobeh
Okawaru
Qazlal
Ru
Sif Muna
Trog
Uskayaw
Vehumet
Wu Jian
Xom
Yredelemnul
Zin
The Shining One
Jiyva

Shops:
D:2 *   D:7 [   D:8 :??*   Orc:2 :(*[   Shoals:2 ?   Shoals:4 :   Vaults:1 (

Portals:
Hell: Lair:5

Annotations:
D:6 2 runed translucent doors, tls9540's ghost, novice VSMo
D:8 1 runed translucent door, exclusion: ice statue, tls9540's ghost, novice CoGl
D:9 exclusions: 2 boulder beetles, door, efreet, freezing wraith, killer bee, 2 two-headed ogres and wyvern
D:15 3 runed translucent doors, exclusion: 3 doors, Eppic's ghost, journeyman DsFi; Igrim's ghost, adept CoGl
Orc:1 1 runed translucent door, aor's ghost, journeyman OpMo
Orc:2 exclusion: upstairs
Vaults:1 1 transporter, mskl23's ghost, adept MfIE


Innate Abilities, Weirdness & Mutations

Your life essence is reduced to manifest your ancestor. (-10% HP)
Your spellcasting is much less encumbered by armour.
You can use scrolls of enchantment on lesser artefacts.
You are partially covered in iridescent scales. (AC +2)
You have a somewhat thin skeletal structure. (Dex +2, Stealth+)
You are agile. (Dex +4, Str/Int -1)


Message History

The lich touches you but does no damage.
The lich struggles to get unstuck from the web.
You closely miss the lich.
The lich is almost destroyed.
Your slime creature zombie hits the lich! 헬다이버 hits the lich with a +0 dagger of draining!
Your slime creature zombie hits the lich!
The lich is destroyed!
The deep elf death mage hits your slime creature zombie with a +0 dagger!
The lich barely misses you.
The lich struggles to get unstuck from the web.
Mskl23's ghost passes through a web.
The necromancer is caught in a web!
Your condenser vane has recharged.
You swap places. 헬다이버 misses the lich. 헬다이버 hits the lich but does no damage.
Your slime creature zombie hits the deep elf death mage.
The lich mumbles some strange words.
The lich seems to speed up.
The lich tears the web.
The flayed ghost hits your slime creature zombie!!
Your slime creature zombie is destroyed!
The necromancer tears the web.
The shadow dragon bites your slime creature zombie!
The shadow dragon claws your slime creature zombie!
The shadow dragon claws your slime creature zombie.
Your slime creature zombie hits the shadow dragon but does no damage.
The phantasmal warrior hits your slime creature zombie!
The lich touches your slime creature zombie!
There is a transporter landing site here.
You feel much better.
Your slime creature zombie hits the shadow dragon. 헬다이버 hits the lich with a +0 dagger of draining! 헬다이버 hits the lich with a +0 dagger of draining.
The flayed ghost passes through a web.
The phantasmal warrior hits your slime creature zombie.
The shadow dragon breathes negative energy at you.
The bolt of negative energy hits your slime creature zombie.
Your slime creature zombie completely resists.
The bolt of negative energy hits you!!!
You feel drained.
You die...
Hepliaklqana delivers you to your ancestors.

.......#.................#
.......#........ZZZZZ....#
.^.....#..#############..#
.......#..#...........#..#
.......#..#...........#..#
.......#..#..###.###.$#).#
.......#..#..#ß#Z#ß#.|#..#
.......#..#.LpLRZZZ..?#..#
.......#.©#.WWDZ@Z...[#©.#
.......#..#..WeZZZ...?#..#
.......'..#..#ß#Z#ß#.?#..#
.......#..#..###W###..#Z.#
.......#..#.W...Z.....#Z.#
.......#..#©...[......#..#
.......#..#############..#
.....ZZ#.....ZZZ.........#
......Z#.................#


You could see the friendly 헬다이버 the hexer, a shadow dragon (unsilenced, catching
breath, ally target), 2 liches, a deep elf death mage, 2 flayed ghosts, a
phantasmal warrior (unsilenced, ally target), a spectral vault sentinel, a
necromancer (ally target), mskl23's ghost, 7 friendly slime creature zombies, a
friendly great orb of eyes zombie and 2 friendly vault sentinel zombies.

Vanquished Creatures
  Nikola (Spider:2)
  A sphinx (Vaults:1)
  2 krakens (Shoals:3)
  A frost giant (Shoals:4)
  3 emperor scorpions (Spider:4)
  A ghost moth (Spider:4)
  2 broodmothers
  An ironbound preserver (Vaults:1)
  A spark wasp (Spider:3)
  3 dire elephants (Vaults:1)
  3 merfolk javelineers
  6 merfolk impalers
  An entropy weaver (Spider:3)
  A vault guard (D:14)
  A catoblepas (Lair:4)
  3 hydras
  A merfolk avatar (Shoals:3)
  An alligator snapping turtle (Shoals:3)
  3 centaur warriors (D:13)
  5 death yaks
  7 merfolk aquamancers
  5 demonic crawlers
  3 orc high priests (Orc:2)
  Nergalle (Lair:2)
  A skeletal warrior (D:11)
  2 pharaoh ants
  3 skysharks
  A sun moth (Spider:4)
  3 sea snakes (Shoals:4)
  4 deep trolls (Vaults:1)
  2 harpies
  3 orb spiders
  A deep elf pyromancer (D:14)
  A necromancer (D:15)
  6 ugly things
  2 steelbarb worms
  2 orc sorcerers (Orc:2)
  5 cyclopes
  7 wolf spiders
  3 orc knights
  2 merfolk zombies (Shoals:3)
  A moth of wrath (Spider:1)
  4 manticores
  3 elephants
  8 black mambas
  2 meliai
  5 merfolk sirens (Shoals:3)
  An ice statue (IceCv)
  16 cane toads
  2 orange demons (Lair:5)
  2 gargoyles
  3 water nymphs
  Jeremiah (D:7)
  An efreet (D:13)
  An alligator snapping turtle zombie (Shoals:3)
  A rime drake (Lair:5)
  A yaktaur (D:14)
  A freezing wraith (IceCv)
  11 komodo dragons
  5 ice devils
  2 polar bears
  5 wind drakes
  A troll (D:12)
  A glass eye (shapeshifter) (D:14)
  14 tarantellas
  A snapping turtle (Shoals:4)
  Grinder (D:4)
  19 merfolk
  2 hornets
  4 dream sheep
  4 blink frogs (Lair:1)
  18 jumping spiders
  A spriggan skeleton (D:15)
  A vampire (D:12)
  2 wyverns (Lair:1)
  9 culicivoras
  16 slime creatures
  13 yaks
  5 water elementals
  2 wraiths (D:11)
  3 basilisks
  23 redbacks
  2 steam dragons
  A human (D:14)
  A warg (Orc:1)
  3 vampire mosquitoes (D:13)
  An acid dragon (D:13)
  2 hell hounds (Lair:5)
  15 orc warriors
  A black bear (Lair:4)
  9 water moccasins
  Pargi (Sewer)
  An ice beast (D:7)
  2 ogres
  2 snapping turtle zombies (Shoals:3)
  6 centaurs
  4 phantoms
  3 wolves
  A kobold brigand (D:7)
  Blork the orc (D:6)
  6 bullfrogs
  2 brain worms (Sewer)
  5 scorpions
  A cane toad simulacrum (IceCv)
  13 wights
  2 hexers
  12 killer bees
  An elephant simulacrum (IceCv)
  3 howler monkeys
  4 electric eels
  3 jellies
  2 hounds (D:6)
  10 orc priests
  2 bombardier beetles (D:4)
  3 iguanas
  2 sleepcaps (D:6)
  Ijyb (D:3)
  14 orc wizards
  Natasha (thrice) (D:3)
  A river rat (D:14)
  7 adders
  7 gnolls
  2 shadow imps
  10 ufetubi
  4 ribbon worms
  2 dart slugs
  54 orcs
  8 endoplasms
  8 giant cockroaches
  9 goblins
  7 hobgoblins
  12 jackals
  21 kobolds
  5 quokkas (D:3)
  12 ball pythons
  8 bats
  3 frilled lizards
  5 rats
  7 tentacles (Shoals:3)
658 creatures vanquished.

Vanquished Creatures (collateral kills)
  Jorgrun (Shoals:2)
  A lich (Vaults:1)
  4 krakens (Shoals:3)
  Polyphemus (Shoals:2)
  Aizul (Spider:2)
  Ilsuiw (Shoals:3)
  Roxanne (Shoals:2)
  2 ghost moths (Spider:3)
  3 emperor scorpions (Spider:4)
  A formless jellyfish (Vaults:1)
  An orc warlord (Orc:2)
  A dire elephant (Lair:5)
  A spark wasp (Spider:2)
  2 merfolk javelineers
  4 entropy weavers
  2 vault guards (D:14)
  A great orb of eyes (Vaults:1)
  A hydra (D:14)
  A jorogumo (Spider:1)
  Erica (D:8)
  A catoblepas (Shoals:2)
  3 alligator snapping turtles
  A centaur warrior (D:13)
  A satyr (Shoals:4)
  3 merfolk avatars
  A two-headed ogre (D:9)
  5 merfolk aquamancers
  12 death yaks
  A boulder beetle (Spider:2)
  An orc high priest (Orc:2)
  7 demonic crawlers
  A sun demon (Lair:5)
  A pharaoh ant (Spider:2)
  5 skysharks
  2 skeletal warriors (D:11)
  8 sea snakes
  A deep troll (Vaults:1)
  6 orb spiders
  An arcanist (Lair:5)
  A sun moth (Spider:4)
  14 harpies
  3 orc knights
  12 wolf spiders
  2 fauns
  4 orc sorcerers
  3 cyclopes
  4 ugly things (D:14)
  11 manticores
  4 meliai
  2 moths of wrath
  4 kobold blastminers
  An ice statue (IceCv)
  9 merfolk sirens
  5 elephants
  3 water nymphs
  2 vault sentinels (Vaults:1)
  7 cane toads
  2 gargoyles
  4 torpor snails
  An unseen horror (Lair:2)
  4 rime drakes
  A tengu conjurer (D:14)
  An ice devil (Lair:5)
  6 komodo dragons
  A queen bee (Spider:4)
  2 trolls (Orc:1)
  A red devil (Lair:5)
  A troll (shapeshifter) (D:14)
  Psyche (D:11)
  3 polar bears
  12 tarantellas
  4 wind drakes
  22 merfolk
  A hellwing (Lair:5)
  15 jumping spiders
  8 snapping turtles
  6 dream sheep
  12 culicivoras
  10 slime creatures
  9 yaks
  A shadow (D:11)
  A human (D:14)
  21 water elementals
  3 basilisks
  A vampire mosquito (D:13)
  A warg (Orc:2)
  33 redbacks
  A hydra simulacrum (IceCv)
  An acid dragon (D:8)
  2 hell hounds (Lair:5)
  4 water moccasins
  A sky beast (D:6)
  13 orc warriors
  2 ice beasts
  8 ogres
  7 wolves (Lair:5)
  2 centaurs
  A kobold brigand (D:9)
  A phantom (D:6)
  4 bullfrogs
  5 wights
  11 killer bees
  2 howler monkeys (D:10)
  An electric eel (Spider:4)
  A bombardier beetle (D:7)
  7 orc priests (Orc:2)
  An iguana (D:7)
  14 orc wizards
  A wolf simulacrum (IceCv)
  A gnoll (D:7)
  An adder (D:6)
  2 ufetubi (D:8)
  19 orcs
  3 tentacles (Shoals:3)
487 creatures vanquished.

Vanquished Creatures (others)
  A merfolk impaler (Shoals:4)
  An orb spider (Spider:3)
  2 sea snake zombies
  7 harpy zombies
  A satyr zombie (Shoals:4)
  2 wind drake zombies
  A water elemental (Shoals:3)
  3 slime creature zombies (Vaults:1)
  A skyshark zombie (Shoals:3)
  A water moccasin (D:8)
  15 merfolk zombies
  A hell hound (Lair:5)
  3 manticore zombies
  A snapping turtle zombie (Shoals:3)
  A centaur (D:8)
  A cyclops zombie (Shoals:4)
  A killer bee (D:10)
  2 orc priests (D:8)
  An orc wizard (Orc:1)
  27 hexers
  48 tentacles (Shoals:3)
121 creatures vanquished.

Grand Total: 1266 creatures vanquished

Notes
Turn   | Place    | Note
-------+----------+-------------------------------------------
     0 | D:1      | sdynet the Mountain Dwarf Reaver began the quest for the
                  | Orb.
     0 | D:1      | Reached XP level 1. HP: 17/17 MP: 3/3
   477 | D:1      | Reached skill level 3 in Fighting
   477 | D:1      | Reached XP level 2. HP: 23/24 MP: 4/4
   706 | D:1      | Learned a level 2 spell: Momentum Strike
  1363 | D:1      | Reached skill level 4 in Fighting
  1363 | D:1      | Reached XP level 3. HP: 10/17 MP: 3/5
  1419 | D:1      | Gained mutation: You are partially covered in iridescent
                  | scales. (AC +2) [potion of mutation]
  1419 | D:1      | Gained mutation: You are agile. (Dex +4, Str/Int -1)
                  | [potion of mutation]
  1419 | D:1      | Gained mutation: You have a somewhat thin skeletal
                  | structure. (Dex +2, Stealth+) [potion of mutation]
  1487 | D:1      | Learned a level 1 spell: Sandblast
  1923 | D:2      | Reached skill level 1 in Earth Magic
  1981 | D:2      | Found Reabutue's General Store.
  2014 | D:2      | Bought 4 curare-tipped darts for 57 gold pieces
  2025 | D:2      | Bought a scroll of teleportation for 36 gold pieces
  2041 | D:2      | Reached XP level 4. HP: 22/23 MP: 4/7
  2150 | D:2      | Got Sif Muna's Encyclopedia of Conflagrant Litharge
  2586 | D:3      | Found a glowing drain.
  2621 | Sewer    | Entered a sewer
  2633 | Sewer    | Reached skill level 1 in Necromancy
  2656 | Sewer    | Noticed a brain worm
  2660 | Sewer    | Learned a level 1 spell: Sting
  2665 | Sewer    | Killed a brain worm
  2666 | Sewer    | Reached skill level 1 in Translocations
  2666 | Sewer    | Reached XP level 5. HP: 32/40 MP: 4/9
  2760 | Sewer    | Noticed Pargi
  2773 | Sewer    | Killed Pargi
  2774 | Sewer    | Reached XP level 6. HP: 45/52 MP: 7/11
  2838 | D:3      | Learned a level 3 spell: Hailstorm
  2896 | D:3      | Noticed Ijyb
  2899 | D:3      | Killed Ijyb
  3239 | D:3      | Noticed Natasha
  3243 | D:3      | Killed Natasha
  3244 | D:3      | Reached skill level 1 in Ice Magic
  3385 | D:3      | Found a faded altar of an unknown god.
  3441 | D:3      | Noticed Natasha
  3455 | D:3      | Killed Natasha
  3456 | D:3      | Reached skill level 1 in Alchemy
  3486 | D:3      | Noticed Natasha
  3495 | D:3      | Killed Natasha
  3511 | D:3      | Identified the +5 kite shield "Ficiby" {Stlth+}
  3759 | D:4      | Reached XP level 7. HP: 59/59 MP: 11/13
  4049 | D:4      | Reached skill level 1 in Stealth
  4144 | D:4      | Noticed Grinder
  4148 | D:4      | Paralysed by Grinder for 4 turns
  4157 | D:4      | Killed Grinder
  4158 | D:4      | Reached skill level 5 in Spellcasting
  4551 | D:4      | Found a sparkling altar of Nemelex Xobeh.
  4552 | D:4      | Found a snail-covered altar of Cheibriados.
  4553 | D:4      | Found a shadowy altar of Dithmenos.
  4555 | D:4      | Found an iron altar of Okawaru.
  4556 | D:4      | Found a hazy altar of Hepliaklqana.
  4557 | D:4      | Found a shimmering altar of Xom.
  4563 | D:4      | Became a worshipper of Hepliaklqana the Forgotten
  4606 | D:5      | Entered Level 5 of the Dungeon
  4760 | D:5      | Reached skill level 5 in Earth Magic
  4865 | D:5      | Reached XP level 8. HP: 66/66 MP: 14/16
  5524 | D:6      | Reached * piety under Hepliaklqana
  5541 | D:6      | Learned a level 3 spell: Stone Arrow
  5559 | D:6      | Noticed Blork the orc
  5563 | D:6      | Killed Blork the orc
  5778 | D:6      | Found a staircase to the Ecumenical Temple.
  5790 | Temple   | Entered the Ecumenical Temple
  5957 | D:6      | Found a runed translucent door.
  5962 | D:6      | Noticed tls9540's ghost (novice VSMo)
  6052 | D:6      | Found a runed translucent door.
  6458 | D:7      | Reached XP level 9. HP: 63/63 MP: 13/19
  6462 | D:7      | Reached skill level 5 in Conjurations
  6543 | D:7      | Learned a level 3 spell: Frozen Ramparts
  6601 | D:7      | Found Toeck's Armour Emporium.
  6611 | D:7      | Noticed Jeremiah
  6623 | D:7      | Killed Jeremiah
  6725 | D:7      | Reached ** piety under Hepliaklqana
  6739 | D:7      | Remembered your ancestor 헬다이버 as a hexer
  7430 | D:8      | Found Fakhlott's Distillery.
  7482 | D:8      | Found Zazupnef's Magic Scroll Emporium.
  7566 | D:8      | Noticed Erica
  7576 | D:8      | Killed Erica
  7577 | D:8      | Reached skill level 5 in Fighting
  7577 | D:8      | Reached XP level 10. HP: 50/72 MP: 18/23
  7710 | D:8      | Found a runed translucent door.
  7710 | D:8      | Found a shimmering altar of Xom.
  7711 | D:8      | Noticed a +2 mace of chaos
  7713 | D:8      | Noticed tls9540's ghost (novice CoGl)
  7716 | D:8      | Bought a scroll of noise for 11 gold pieces
  7754 | D:8      | Found an ornate altar of the Wu Jian Council.
  7778 | D:8      | Found Ofeo's Assorted Antiques.
  7803 | D:8      | Noticed an ice statue
  7840 | D:8      | Identified a scroll of acquirement
  7858 | D:7      | Acquired 1080 gold pieces
  7955 | D:7      | Bought the +1 helmet of the Valley {Will+} for 287 gold
                  | pieces
  7960 | D:7      | Bought the +4 robe of Augmentation {Str+4 Int+4 Dex+4} for
                  | 687 gold pieces
  7960 | D:7      | Found the +4 robe of Augmentation {Str+4 Int+4 Dex+4}
  7988 | D:8      | Found Isoy's Magic Scroll Shoppe.
  8119 | D:8      | Reached skill level 6 in Fighting
  8133 | D:8      | Reached skill level 5 in Armour
  8317 | D:8      | Found Yses's Book Boutique.
  8607 | D:9      | Identified the +0 robe of the Depths {*Corrode rF++ Str+3}
  8897 | D:9      | Noticed a boulder beetle
  8897 | D:9      | Noticed a two-headed ogre
  8897 | D:9      | Noticed a boulder beetle
  8897 | D:9      | Noticed a two-headed ogre
  9095 | D:9      | Found a staircase to the Lair.
  9256 | D:9      | Noticed a two-headed ogre
  9259 | D:9      | Killed a two-headed ogre
  9260 | D:9      | Reached skill level 7 in Fighting
  9352 | D:9      | Reached *** piety under Hepliaklqana
  9452 | D:10     | Entered Level 10 of the Dungeon
  9516 | D:10     | Reached XP level 11. HP: 82/82 MP: 24/24
  9678 | D:10     | Reached skill level 1 in Invocations
 10000 | D:10     | Found a staircase to the Orcish Mines.
 10149 | D:10     | Reached skill level 5 in Polearms
 10341 | Lair:1   | Entered Level 1 of the Lair of Beasts
 10348 | Lair:1   | Learned a level 4 spell: Leda's Liquefaction
 10385 | Lair:1   | Found a frozen archway.
 10395 | IceCv    | Entered an ice cave
 10407 | IceCv    | Found a transporter.
 10418 | IceCv    | Noticed a white ugly thing
 10431 | IceCv    | Found a transporter.
 10539 | IceCv    | Killed a white ugly thing
 10540 | IceCv    | Reached skill level 8 in Fighting
 10903 | Lair:1   | Found a glowing golden altar of the Shining One.
 11079 | Lair:1   | Reached skill level 9 in Fighting
 11112 | Lair:1   | Reached skill level 5 in Ice Magic
 11319 | Lair:1   | Reached **** piety under Hepliaklqana
 11609 | D:8      | Bought a book of Decay for 600 gold pieces
 11614 | D:8      | Learned a level 4 spell: Martyr's Knell
 11621 | D:8      | Learned a level 6 spell: Death Channel
 11788 | Lair:2   | Reached skill level 1 in Summonings
 11795 | Lair:2   | Reached XP level 12. HP: 90/93 MP: 14/25
 11862 | Lair:2   | Noticed Nergalle
 11874 | Lair:2   | Killed Nergalle
 12327 | Lair:2   | Reached skill level 5 in Invocations
 12451 | Lair:2   | Noticed Sonja
 12454 | Lair:2   | Sonja changed into something unseen
 12468 | Lair:2   | Killed Sonja the unseen horror
 12535 | Lair:2   | Found a staircase to the Shoals.
 13225 | Lair:3   | Reached skill level 5 in Necromancy
 13583 | Lair:3   | Found a hole to the Spider Nest.
 14243 | Lair:4   | Noticed an eight-headed hydra
 14244 | Lair:4   | Noticed a four-headed hydra
 14255 | Lair:4   | Killed a four-headed hydra
 14262 | Lair:4   | Killed an eight-headed hydra
 14263 | Lair:4   | Reached XP level 13. HP: 56/99 MP: 22/26
 14515 | Lair:4   | Identified the +2 robe of Action {Fly rElec}
 15182 | Lair:5   | Entered Level 5 of the Lair of Beasts
 15202 | Lair:5   | Reached skill level 10 in Necromancy
 15807 | Lair:5   | Found a burning altar of Makhleb.
 15816 | Lair:5   | Reached XP level 14. HP: 58/106 MP: 6/27
 15848 | Lair:5   | Found a gateway to Hell.
 16318 | Lair:5   | Reached skill level 15 in Necromancy
 16476 | Lair:5   | Found a viscous altar of Jiyva.
 16477 | Lair:5   | Found a staircase to the Slime Pits.
 16974 | Orc:1    | Entered Level 1 of the Orcish Mines
 17053 | Orc:1    | Found a runed translucent door.
 17054 | Orc:1    | Noticed aor's ghost (journeyman OpMo)
 17235 | Orc:2    | Entered Level 2 of the Orcish Mines
 17235 | Orc:2    | Found a staircase to the Elven Halls.
 17687 | Orc:2    | Noticed an orc warlord
 17960 | Orc:2    | Reached ***** piety under Hepliaklqana
 18094 | Orc:2    | Killed an orc warlord
 19124 | Orc:2    | Found Lakisih's Antique Armour Emporium.
 19125 | Orc:2    | Found Movefegh's Antique Weapon Emporium.
 19129 | Orc:2    | Found Jyntoh's General Store.
 19129 | Orc:2    | Found Jiweosch's Book Shoppe.
 19517 | Orc:2    | Bought a steaming cloak for 228 gold pieces
 19517 | Orc:2    | Identified the +0 cloak of Domnege {Rampage} (You bought it
                  | in a shop on level 2 of the Orcish Mines)
 19530 | Orc:2    | Bought a +2 pair of boots of flying for 365 gold pieces
 19530 | Orc:2    | Bought 3 scrolls of fog for 204 gold pieces
 19530 | Orc:2    | Bought a scroll of fear for 68 gold pieces
 19530 | Orc:2    | Bought a scroll of amnesia for 68 gold pieces
 19541 | Orc:2    | Learned a level 4 spell: Brom's Barrelling Boulder
 19930 | D:11     | Reached skill level 10 in Fighting
 20187 | D:11     | Noticed Psyche
 20197 | D:11     | Killed Psyche
 21131 | D:12     | Found a radiant altar of Vehumet.
 21749 | D:12     | Reached XP level 15. HP: 111/115 MP: 15/28
 22050 | D:12     | Identified the +11 short sword of Pyis {vamp, rN++ Int-2}
 22240 | D:13     | Reached skill level 11 in Fighting
 23161 | D:14     | Reached ****** piety under Hepliaklqana
 23307 | D:14     | Learned a level 5 spell: Borgnjor's Vile Clutch
 23454 | D:14     | Reached skill level 12 in Fighting
 23830 | D:14     | Found a gate to the Vaults.
 23841 | D:14     | Reached skill level 13 in Fighting
 24408 | D:15     | Entered Level 15 of the Dungeon
 24538 | D:15     | Found a runed translucent gate.
 24538 | D:15     | Found a runed translucent gate.
 24538 | D:15     | Found an ancient bone altar of Kikubaaqudgha.
 24538 | D:15     | Found a runed translucent gate.
 24538 | D:15     | Noticed a lich
 24538 | D:15     | Noticed Eppic's ghost (journeyman DsFi)
 24538 | D:15     | Noticed Igrim's ghost (adept CoGl)
 24539 | D:15     | Noticed a lich
 24539 | D:15     | Noticed a lich
 24598 | D:15     | Found a staircase to the Depths.
 24931 | Lair:1   | Upgraded the game from 0.32-a0-656-g3542139 to
                  | 0.32-a0-699-g1ee5eff
 25025 | Spider:1 | Entered Level 1 of the Spider Nest
 25078 | Spider:1 | HP: 5/123 [demonic crawler (16)]
 25091 | Spider:1 | Reached skill level 14 in Fighting
 25825 | Spider:2 | Reached skill level 15 in Fighting
 26029 | Spider:2 | Identified the serpent talisman "Efeo" {+Blink rElec rC-
                  | SInv}
 26029 | Spider:2 | Noticed Aizul
 26042 | Spider:2 | Killed Aizul
 26382 | Spider:2 | Noticed Nikola
 26405 | Spider:2 | Killed Nikola
 26508 | Spider:2 | Reached XP level 16. HP: 54/134 MP: 17/29
 27238 | Spider:3 | Reached skill level 16 in Fighting
 27572 | Spider:3 | Reached skill level 10 in Polearms
 28717 | Spider:4 | Entered Level 4 of the Spider Nest
 29567 | D:8      | Bought a scroll of blinking for 82 gold pieces
 29584 | D:8      | Bought a potion of curing for 42 gold pieces
 29584 | D:8      | Bought a potion of curing for 42 gold pieces
 29584 | D:8      | Bought a potion of enlightenment for 70 gold pieces
 29584 | D:8      | Bought 2 potions of heal wounds for 140 gold pieces
 29584 | D:8      | Bought a potion of attraction for 42 gold pieces
 29584 | D:8      | Bought a potion of enlightenment for 70 gold pieces
 29584 | D:8      | Bought a potion of curing for 42 gold pieces
 29584 | D:8      | Bought a potion of magic for 112 gold pieces
 29584 | D:8      | Bought a potion of curing for 42 gold pieces
 30277 | Spider:4 | Reached XP level 17. HP: 133/144 MP: 25/30
 30339 | Spider:4 | Got a gossamer rune of Zot
 30654 | Shoals:1 | Entered Level 1 of the Shoals
 30706 | Lair:2   | Learned a level 4 spell: Animate Dead
 31406 | Shoals:2 | Reached skill level 17 in Fighting
 31456 | Shoals:2 | Noticed Roxanne
 31470 | Shoals:2 | Killed Roxanne
 31489 | Shoals:2 | Noticed Polyphemus
 31499 | Shoals:2 | Killed Polyphemus
 31503 | Shoals:2 | Found Buetuoc's Magic Scroll Boutique.
 31666 | Shoals:2 | Noticed Jorgrun
 31681 | Shoals:2 | Killed Jorgrun
 32029 | Shoals:3 | Learned a level 1 spell: Apportation
 32309 | Shoals:3 | Noticed Ilsuiw
 32336 | Shoals:3 | Killed Ilsuiw
 32617 | Shoals:3 | Noticed a kraken
 32628 | Shoals:3 | Killed a kraken
 32632 | Shoals:3 | Reached skill level 18 in Fighting
 32644 | Shoals:3 | Noticed a kraken
 32653 | Shoals:3 | Killed a kraken
 32660 | Shoals:3 | Noticed a kraken
 32670 | Shoals:3 | Killed a kraken
 32676 | Shoals:3 | Noticed a kraken
 32692 | Shoals:3 | Killed a kraken
 32714 | Shoals:3 | Your ally Ilsuiw died
 32732 | Shoals:3 | Reached XP level 18. HP: 108/154 MP: 14/31
 32755 | Shoals:3 | Identified the +4 chain mail of Experimentation {Int+4}
 32759 | Shoals:3 | Identified the +6 arbalest of Dust {elec, rCorr Str+5
                  | Int-5}
 33286 | Shoals:4 | Entered Level 4 of the Shoals
 33373 | Shoals:4 | Upgraded the game from 0.32-a0-699-g1ee5eff to
                  | 0.32-a0-705-g60f2335
 33373 | Shoals:4 | Upgraded the game from 0.32-a0-705-g60f2335 to
                  | 0.32-a0-779-g362cfca
 33515 | Shoals:4 | Reached skill level 10 in Armour
 33537 | Shoals:4 | Got a barnacled rune of Zot
 33977 | Shoals:4 | Got Sif Muna's Commentary on Leadership and Sciomancy
 34162 | Shoals:4 | Found Ileneck's Book Emporium.
 35662 | Vaults:1 | Entered Level 1 of the Vaults
 35686 | Vaults:1 | Reached skill level 19 in Fighting
 35839 | Vaults:1 | Found Ecwi's Weapon Emporium.
 35913 | Vaults:1 | Paralysed by a formless jellyfish for 1 turns
 35917 | Vaults:1 | Paralysed by a formless jellyfish for 1 turns
 35927 | Vaults:1 | Found a transporter.
 35927 | Vaults:1 | Found a transporter.
 35927 | Vaults:1 | Noticed mskl23's ghost (adept MfIE)
 35927 | Vaults:1 | Noticed a lich
 35930 | Vaults:1 | Noticed a lich
 35930 | Vaults:1 | Noticed a lich
 36223 | Vaults:1 | Killed a lich
 36225 | Vaults:1 | Killed from afar by a shadow dragon

Illustrated notes

Levels and vault maps discovered:
D:1:      lightli_arrival_quake, layout_basic
D:2:      layout_rooms, serial_shops, shop
D:3:      wander_river, layout_basic, hellmonk_ecumenical_altar_leap_of_faith,
          portal_sewer_entry_f, uniq_natasha, uniq_ijyb
D:4:      layout_basic, minitemple, uniq_grinder
D:5:      layout_rooms, kennysheep_generic_room_16
D:6:      layout_basic, minmay_temple_entry_crystal_x, ebering_ghost_sewer_f,
          uniq_blork_the_orc
D:7:      minmay_recursive_quarters, layout_basic, serial_shops, shop,
          uniq_jeremiah
D:8:      cheibrodos_frozen_isle, layout_cave_pools, kennysheep_mini,
          ebering_ghost_xom, serial_shops, nicolae_shop_rolling_square,
          nicolae_shop_temple_entry_statues_fountains, shop,
          nicolae_shop_competitors_out_of_business, nicolae_shop_waterfront,
          uniq_erica
D:9:      layout_roguey, dpeg_oklobed_lair, wad_scary_box
D:10:     layout_basic, orc_0_dummy
D:11:     nicolae_cairo_tiling, layout_gridville, uniq_psyche
D:12:     layout_basic, nicolae_vehumet_altar_sigil
D:13:     layout_irregular_city
D:14:     layout_gridville, grunt_vaults_entry_fortified, serial_bayou_pond_d,
          dreamdust_mushroom_princess
D:15:     gammafunk_depths_entry_grave, layout_irregular_city,
          dk_noncrumbling_3, serial_ice, serial_ice_b, serial_ice_d,
          serial_ice_l, serial_ice_n, serial_ice_f, serial_ice_h, serial_ice_m,
          serial_ice_o, gammafunk_ghost_crypt
Temple:   hellmonk_temple_of_storms
Lair:1:   layout_cave_pods, portal_ice_cave_entry_pillars_2, basic_altar,
          small_statue_intersection, infiniplex_staircase_pool_2,
          lemuel_fruit_tree
Lair:2:   layout_gridlike, minmay_shoals_entry_hut, beast_lair_carwin_2,
          grunt_megastairs_3, uniq_nergalle, uniq_sonja
Lair:3:   layout_gridlike, spider_nest_entry_funnel_web, grunt_megastairs_4
Lair:4:   layout_regular_city
Lair:5:   evil_forest, layout_small_grid, slime_entry_1
Shoals:1: layout_shoals, nicolae_shoals_nautilus_by_nature
Shoals:2: layout_shoals, serial_shops, nicolae_diamond_shop, uniq_polyphemus,
          uniq_roxanne, uniq_jorgrun
Shoals:3: nicolae_shoals_lighthouse, layout_shoals,
          nicolae_shoals_stone_sculpture_thing, nicolae_shoals_water_shrine,
          uniq_ilsuiw
Shoals:4: shoals_end_grunt_ice, layout_shoals, serial_shops,
          nicolae_shop_crystal
Spider:1: layout_spider_delve
Spider:2: layout_cave_pods, drop_trap, uniq_nikola, uniq_aizul
Spider:3: layout_spider_delve
Spider:4: guppyfry_spider_rune, special_room [special_room_bee]
Orc:1:    layout_caves, ebering_ghost_inner_flame
Orc:2:    st_orc_congregation, layout_caves
Vaults:1: gammafunk_ghost_mausoleum, vaults_room_grunt_arrival_checkpoint,
          nicolae_vaults_stairing_the_circle, v_rooms_2, vaults_room_boxed,
          nicolae_vaults_asterisk, nicolae_vaults_tetromino_L_1,
          grunt_vaults_funnel, ontoclasm_vaults_loading_screen,
          ontoclasm_vaults_pinch, nicolae_vaults_shipping_containers_5,
          nicolae_vaults_tetromino_L_1, v_misc_10, ontoclasm_vaults_fault,
          nicolae_vaults_trapezoid_4, vaults_room_grid, vaults_room_grid,
          vaults_room_door_ring, layout_vaults_big_room, serial_shops,
          nicolae_shop_real_fake_doors, uniq_donald

Skill      XL: |  1  2  3  4  5  6  7  8  9 10 11 12 13 14 15 16 17 18 |
---------------+-------------------------------------------------------+-----
Fighting       | 3 4 5 7 9 10 15 16 18 19 | 19.3
Spellcasting   | 2 3 4 5 6 9 |  9.0
Earth Magic    | 1 2 3 5 6 8 9 |  9.0
Necromancy     | 1 8 14 16 17 18 | 18.0
Translocations | 1 |  1.0
Ice Magic      | 1 3 5 6 |  6.0
Alchemy        | 1 3 4 |  4.0
Stealth        | 1 2 3 |  3.0
Conjurations   | 4 6 |  6.0
Armour         | 2 6 8 9 11 | 11.7
Dodging        | 2 3 4 |  4.0
Polearms       | 4 7 9 11 14 | 14.0
Invocations    | 3 6 7 9 |  9.0
Summonings     | 1 3 4 |  4.0

Action                     |  1- 3 |  4- 6 |  7- 9 | 10-12 | 13-15 | 16-18 || total
---------------------------+-------+-------+-------+-------+-------+-------++-------
  Melee: Spear             |   115 |    28 |       |       |       |       ||   143
         Dagger            |       |    25 |   116 |       |       |       ||   141
         Trident           |       |       |    33 |   208 |   548 |   502 ||  1291
  Throw: Dart              |       |    12 |    14 |     7 |     9 |    18 ||    60
         Throwing net      |       |       |       |       |     1 |       ||     1
   Cast: Kiss of Death     |     7 |       |       |       |       |       ||     7
         Sandblast         |    27 |    65 |    40 |       |    20 |       ||   152
         Momentum Strike   |     2 |     8 |     3 |       |       |       ||    13
         Sting             |       |    14 |     4 |       |       |       ||    18
         Hailstorm         |       |     1 |    11 |    21 |    22 |     2 ||    57
         Stone Arrow       |       |       |    50 |   157 |   154 |    30 ||   391
         Frozen Ramparts   |       |       |     2 |     8 |     8 |    11 ||    29
         Leda's Liquefacti |       |       |       |    11 |    29 |     7 ||    47
         Martyr's Knell    |       |       |       |     3 |    54 |    14 ||    71
         Death Channel     |       |       |       |       |    52 |    49 ||   101
         Brom's Barrelling |       |       |       |       |     2 |       ||     2
         Borgnjor's Vile C |       |       |       |       |    25 |   113 ||   138
         Animate Dead      |       |       |       |       |       |     7 ||     7
         Apportation       |       |       |       |       |       |     3 ||     3
 Invoke: Ancestor Identity |       |       |     2 |       |       |       ||     2
         Ancestor Life: He |       |       |     1 |       |       |       ||     1
         Recall Ancestor   |       |       |       |     6 |     3 |     6 ||    15
         Idealise          |       |       |       |       |     5 |     6 ||    11
         Transference      |       |       |       |       |     3 |     9 ||    12
  Evoke: Wand              |       |       |    13 |    18 |    19 |    28 ||    78
         Condenser vane    |       |       |       |       |       |     2 ||     2
         Sack of spiders   |       |       |       |       |       |     2 ||     2
         Phial of floods   |       |       |       |       |       |     1 ||     1
         Phantom mirror    |       |       |       |       |       |     1 ||     1
    Use: Potion            |     1 |     6 |     1 |     6 |    14 |    20 ||    48
         Scroll            |     1 |     3 |     4 |     8 |    21 |    18 ||    55
   Stab: Distracted        |     1 |       |     1 |     3 |    19 |    20 ||    44
         Sleeping          |       |     3 |     3 |     7 |     5 |     3 ||    21
         Invisible         |       |       |     2 |       |       |     2 ||     4
         Confused          |       |       |     3 |    14 |    19 |     5 ||    41
         Paralysed         |       |       |       |       |    35 |    43 ||    78
         Held in net/web   |       |       |       |       |     2 |       ||     2
 Armour: Leather armour    |    77 |    73 |   125 |     3 |       |       ||   278
         Robe              |       |       |       |   101 |   446 |   455 ||  1002
         Chain mail        |       |       |       |       |       |    67 ||    67
  Dodge: Dodged            |    83 |    57 |   122 |    93 |   317 |   210 ||   882

Table legend: (Time is in decaauts)
 A = Elapsed time spent in this place.
 B = Non-inter-level travel time spent in this place.
 C = Inter-level travel time spent in this place.
 D = Time resting spent in this place.
 E = Time spent auto-exploring this place.
 F = Levels seen in this place.
 G = Mean time per level.
                   A        B        C        D        E       F      G
               +--------+--------+--------+--------+--------+-----+--------+
         Total |  36247 |  31660 |   4587 |    444 |  22092 |  34 | 1066.1 |
       Dungeon |  15765 |  13539 |   2226 |    209 |  10147 |  15 | 1051.0 |
        Temple |      4 |      4 |      0 |      0 |      0 |   1 |    4.0 |
          Lair |   7379 |   6393 |    986 |      0 |   5043 |   5 | 1475.8 |
        Shoals |   4387 |   3982 |    405 |     25 |   2163 |   4 | 1096.8 |
   Spider Nest |   4929 |   4349 |    580 |      0 |   2910 |   4 | 1232.2 |
  Orcish Mines |   2850 |   2462 |    388 |      0 |   1662 |   2 | 1425.0 |
        Vaults |    534 |    534 |      0 |    126 |     41 |   1 |  534.0 |
         Sewer |    241 |    241 |      0 |     10 |    126 |   1 |  241.0 |
      Ice Cave |    154 |    154 |      0 |     74 |      0 |   1 |  154.0 |
               +--------+--------+--------+--------+--------+-----+--------+

Top non-repeatable levels by time:
   Orc:2: 2385 daAuts
Spider:2: 1940 daAuts
     D:1: 1758 daAuts
Shoals:4: 1639 daAuts
  Lair:2: 1541 daAuts
  Lair:1: 1525 daAuts
  Lair:5: 1514 daAuts
Spider:3: 1494 daAuts
  Lair:3: 1477 daAuts
    D:14: 1440 daAuts
    D:12: 1401 daAuts
     D:7: 1366 daAuts
  Lair:4: 1320 daAuts
Shoals:3: 1189 daAuts
     D:9: 1118 daAuts
